 Dungeon Crawl Stone Soup version 0.32-a0-986-ga09f62fbf4 (webtiles) character file.

Game seed: 6751015845527171411

3864 petete the Digger (level 9, -2/65 HPs)
             Began as a Vampire Earth Elementalist on Apr 21, 2024.
             Was a Follower of Vehumet.
             Slain by an orc warlord
             ... wielding a +5 broad axe
              (5 damage)
             ... in a bailey.
             The game lasted 00:32:58 (7146 turns).

petete the Digger (Vampire Earth Elementalist)      Turns: 7146, Time: 00:33:00

Health: -2/65      AC: 10    Str:  7    XL:     9   Next: 99%
Magic:  12/18      EV: 11    Int: 24    God:    Vehumet [*.....]
Gold:   408        SH:  4    Dex: 14    Spells: 9/20 levels left

rFire   . . .        a - +0 short sword (elec)
rCold   + . .        F - +0 buckler
rNeg    . . .        j - +2 robe
rPois   .            w - +0 helmet
rElec   .            G - +0 cloak
rCorr   .            h - +2 pair of gloves
SInv    +            l - +0 pair of boots
Will    .....        (no amulet)
Stlth   ++++         t - +4 ring of slaying
HPRegen 0.50/turn    J - ring "Dowkoet" {rC+ Int+2 Stlth+}
MPRegen 0.16/turn

%: no passive effects
@: brilliant, healing quickly, studying Evocations
A: alive, fangs 3, see invisible, vampiric 2
a: Exsanguinate, Renounce Religion


You were in a bailey.
You worshipped Vehumet.
Vehumet was aware of your devotion.
You visited 2 branches of the dungeon, and saw 9 of its levels.
You also visited: Ossuary and Bailey.

You collected 408 gold pieces.

Inventory:

Hand Weapons
 a - a +0 short sword of electrocution (weapon)
 f - a +0 dagger
 M - a +0 rapier
Missiles
 p - 2 poisoned darts
 L - 28 boomerangs
 N - 2 throwing nets
Armour
 h - a +2 pair of gloves (worn)
 j - a +2 robe (worn)
 l - a +0 pair of boots (worn)
 u - a +3 leather armour of cold resistance
 w - a +0 helmet (worn)
 F - a +0 buckler (worn)
 G - a +0 cloak (worn)
Magical Staves
 b - a staff of earth
Jewellery
 t - a +4 ring of slaying (left hand)
 J - the ring "Dowkoet" (right hand) {rC+ Int+2 Stlth+}
   (You found it on level 6 of the Dungeon)

   [ring of protection from cold]

   Int+2:     It affects your intelligence (+2).
   rC+:       It protects you from cold.
   Stlth+:    It makes you more stealthy.
 P - an amulet of guardian spirit
 Q - an amulet of faith
 U - a +6 ring of dexterity
Talismans
 n - a granite talisman
 T - a serpent talisman
Wands
 v - a wand of flame (50)
 O - a wand of light (9)
 R - a wand of polymorph (6)
 S - a wand of charming (7)
Scrolls
 c - a scroll of silence {unknown}
 d - a scroll of teleportation {unknown}
 e - 4 scrolls of revelation {unknown}
 k - 2 scrolls of fog {unknown}
 o - a scroll of enchant armour {unknown}
 r - 2 scrolls of poison {unknown}
 y - a scroll of immolation {unknown}
 E - 2 scrolls of enchant weapon {unknown}
 H - a scroll of torment {unknown}
 K - 2 scrolls of noise {unknown}
 V - a scroll of fear {unknown}
 W - 3 scrolls of brand weapon {unknown}
 X - a scroll of summoning {unknown}
Potions
 g - 3 potions of might {unknown}
 m - 6 potions of curing {unknown}
 q - 3 potions of mutation {unknown}
 s - 2 potions of cancellation
 x - 2 potions of haste
 z - a potion of resistance
 A - a potion of magic
 B - 2 potions of berserk rage
 C - 4 potions of attraction {unknown}
 I - a potion of lignification
 Y - 2 potions of invisibility {unknown}


   Skills:
 - Level 4.0 Fighting
 - Level 3.2 Short Blades
 - Level 2.0 Staves
 + Level 1.0 Throwing
 - Level 1.0 Armour
 - Level 3.0 Dodging
 - Level 6.0 Stealth
 - Level 2.8 Shields
 - Level 6.4 Spellcasting
 - Level 2.0 Conjurations
 + Level 7.3 Earth Magic
 - Level 4.1 Alchemy
 - Level 6.0 Evocations


You had 9 spell levels left.
You knew the following spells:

 Your Spells              Type           Power      Damage    Failure   Level
a - Sandblast             Erth           100%       2d20      1%          1
b - Passwall              Erth           59%        N/A       1%          3
c - Stone Arrow           Conj/Erth      90%        3d12      5%          3
d - Petrify               Alch/Erth      52%        N/A       12%         4

Your spell library contained the following spells:

 Spells                   Type           Power      Damage    Failure   Level
 Magic Dart               Conj           100%       1d8       5%          1
 Brom's Barrelling Bould  Conj/Erth      45%        2d6       19%         4
 Frozen Ramparts          Ice            22%        1d4       36%         3
 Ozocubu's Armour         Ice            11%        N/A       36%         3
 Sigil of Binding         Hex            11%        N/A       36%         3
 Summon Ice Beast         Ice/Summ       11%        N/A       36%         3
 Anguish                  Hex/Necr       5%         N/A       77%         4
 Cause Fear               Hex            5%         N/A       77%         4
 Vhi's Electric Charge    Tloc/Air       22%        N/A       77%         4
 Arcjolt                  Conj/Air       9%         1d19      92%         5
 Metabolic Englaciation   Hex/Ice        5%         N/A       98%         5
 Summon Mana Viper        Hex/Summ       11%        N/A       98%         5
 Plasma Beam              Fire/Air       5%         2x1d16    100%        6
 Enfeeble                 Hex            5%         N/A       100%        7
 Monstrous Menagerie      Summ           5%         N/A       100%        7


Dungeon Overview and Level Annotations

Branches:
Dungeon (8/15)             Temple (1/1) D:6         Ossuary (visited)
 Bailey (1/1)
   Lair: D:8-11

Altars:
Ashenzari
Cheibriados
Dithmenos
Fedhas
Gozag
Hepliaklqana
Kikubaaqudgha
Makhleb
Nemelex Xobeh
Okawaru
Qazlal
Ru
Sif Muna
Trog
Uskayaw
Vehumet
Wu Jian
Xom
Yredelemnul

Shops:
D:4 =

Annotations:
D:4 1 transporter, Menkaure
D:5 Eustachio


Innate Abilities, Weirdness & Mutations

Your natural rate of healing is accelerated.
You have razor-sharp teeth.
You have supernaturally acute eyesight. (SInv)
You are afflicted with vampirism and can become a bat while bloodless.


Message History

The helpless gnoll fails to defend itself.
You impale the gnoll!!
You kill the gnoll!
Vehumet accepts your kill.
You feel sick.
You feel sick.
The helpless orc warlord fails to defend itself.
You puncture the orc warlord!
The orc warlord is heavily wounded.
You feel sick.
The helpless orc warlord fails to defend itself.
You impale the orc warlord!!
The orc warlord is heavily wounded.
You feel sick.
You are no longer poisoned.
The helpless orc warlord fails to defend itself.
You hit the orc warlord.
Lightning courses through the orc warlord!!
The orc warlord is severely wounded.
The helpless orc warlord fails to defend itself.
You impale the orc warlord!!
You bite the orc warlord, but do no damage.
The orc warlord is severely wounded.
Your magical contamination has completely faded away.
The helpless orc warlord fails to defend itself.
You impale the orc warlord!!
Lightning courses through the orc warlord!
The orc warlord is almost dead.
The orc warlord is no longer petrified.
The orc warlord hits you with a +5 broad axe.
* * * LOW HITPOINT WARNING * * *
Casting: Petrify (dangerous; 12% risk of failure)
Confirm with . or Enter, or press ? or * to list all spells.
Aiming: Stone Arrow (dangerous; 5% risk of failure)
Press: ? - help, Shift-Dir - straight line, f/p - orc warlord
Aim: an orc warlord, wielding a +5 broad axe and wearing a +0 chain mail (almost dead, 82% to hit)
You feel a surge of power!
The stone arrow hits the orc warlord!
The orc warlord is almost dead.
The orc warlord hits you with a +5 broad axe.
You die...

..[......#~~~~~#...ß..ß..##
.........#~÷~~~#..........#
.ß.[ß..[['[[.[.'..........#
.......#########......ß...#
......##~~~#~~~####......##
#....[#~|.....~#~~#.....##
##....#~!........~#....##
.#....##ß.ß...ß.ß~##...#
.'÷....#.......)@~~'...#
.'.÷...#....∩...o~~'...#
.'..÷.!#.........~~'...#
.#..[.##ß.ß...ß.ß~##...#
##....#~!........~#....##
#.....#~}.....~#~~#.....##
......##~~~#~~~####......##
.......#########......ß...#
.ß..ß....'.....[..........#


You could see an orc warlord.

Vanquished Creatures
  A two-headed ogre (D:7)
  Grinder (D:5)
  Sigmund (D:4)
  A water moccasin (D:7)
  A sky beast (D:7)
  An ice beast (D:5)
  A black bear (D:6)
  3 orc warriors (Bailey)
  4 phantoms
  3 elf zombies (Ossuary)
  A bullfrog (D:7)
  8 scorpions
  3 killer bees (D:7)
  4 hounds
  An orc priest (D:7)
  Crazy Yiuf (D:5)
  2 gnoll boudas
  3 human zombies (Ossuary)
  A jelly (D:5)
  4 sleepcaps
  Ijyb (D:4)
  An iguana (D:4)
  4 orc wizards
  5 hound zombies (Ossuary)
  2 mummies (Ossuary)
  Robin (D:3)
  16 gnolls
  5 adders
  A shadow imp (D:6)
  3 white imps
  6 adder zombies (Ossuary)
  A dart slug (D:3)
  3 ribbon worms
  20 orcs
  5 ball pythons
  6 endoplasms
  3 gnoll zombies (Ossuary)
  10 hobgoblins
  3 bats
  A frilled lizard (D:1)
  24 goblins
  3 jackal zombies (Ossuary)
  14 kobolds
  8 kobold zombies (Ossuary)
  6 orc zombies (Ossuary)
  3 rats
200 creatures vanquished.

Vanquished Creatures (others)
  An arcanist (D:6)
1 creature vanquished.

Grand Total: 201 creatures vanquished

Notes
Turn   | Place    | Note
-------+----------+-------------------------------------------
     0 | D:1      | petete the Vampire Earth Elementalist began the quest for
                  | the Orb.
     0 | D:1      | Reached XP level 1. HP: 13/13 MP: 3/3
   179 | D:1      | Reached XP level 2. HP: 19/19 MP: 1/5
  1106 | D:2      | Gained mutation: You are afflicted with vampirism and can
                  | become a bat while bloodless. [Vampire growth]
  1106 | D:2      | Reached XP level 3. HP: 24/24 MP: 5/7
  1110 | D:2      | Learned a level 3 spell: Passwall
  1360 | D:3      | Learned a level 3 spell: Stone Arrow
  1586 | D:3      | Noticed Robin
  1668 | D:3      | Reached skill level 4 in Earth Magic
  1673 | D:3      | Reached XP level 4. HP: 27/30 MP: 3/8
  1845 | D:3      | Reached skill level 1 in Conjurations
  2047 | D:3      | Found a broken altar of Ashenzari.
  2048 | D:3      | Killed Robin
  2509 | D:4      | Reached XP level 5. HP: 35/35 MP: 5/10
  2515 | D:4      | Noticed Sigmund
  2554 | D:3      | Learned a level 4 spell: Petrify
  2634 | D:4      | Noticed a phantom
  2642 | D:4      | Killed a phantom
  2643 | D:4      | Reached skill level 5 in Earth Magic
  2643 | D:4      | Reached skill level 1 in Alchemy
  2643 | D:4      | Reached XP level 6. HP: 41/41 MP: 6/12
  2805 | D:4      | Found a sparkling altar of Nemelex Xobeh.
  2805 | D:4      | Found a transporter.
  2825 | D:4      | Noticed Ijyb
  2840 | D:4      | Killed Ijyb
  2879 | D:4      | Killed Sigmund
  2880 | D:4      | Reached XP level 7. HP: 45/46 MP: 9/14
  2881 | D:4      | Found Pucag's Jewellery Boutique.
  2970 | D:4      | Found a shadowy altar of Dithmenos.
  3057 | D:4      | Reached skill level 5 in Spellcasting
  3339 | D:4      | Noticed Menkaure
  3441 | D:5      | Entered Level 5 of the Dungeon
  3461 | D:5      | Noticed Grinder
  3471 | D:5      | Killed Grinder
  3472 | D:5      | Reached skill level 1 in Fighting
  3514 | D:5      | Reached skill level 6 in Earth Magic
  3524 | D:5      | Reached XP level 8. HP: 28/57 MP: 2/15
  3624 | D:5      | Found a sand-covered staircase.
  3630 | Ossuary  | Entered an ossuary
  3722 | Ossuary  | Reached skill level 1 in Short Blades
  3888 | Ossuary  | Reached skill level 1 in Throwing
  3898 | Ossuary  | Reached skill level 1 in Armour
  3932 | Ossuary  | Reached skill level 7 in Earth Magic
  3947 | Ossuary  | Reached skill level 1 in Staves
  3947 | Ossuary  | Reached skill level 1 in Evocations
  4504 | D:5      | Found a runed translucent door.
  4505 | D:5      | Noticed Crazy Yiuf
  4509 | D:5      | Killed Crazy Yiuf
  4865 | D:5      | Noticed Eustachio
  4955 | D:6      | Identified the ring "Dowkoet" {rC+ Int+2 Stlth+}
  4966 | D:6      | Reached skill level 5 in Stealth
  5092 | D:6      | Reached XP level 9. HP: 64/64 MP: 14/16
  5158 | D:6      | Found a staircase to the Ecumenical Temple.
  5205 | Temple   | Entered the Ecumenical Temple
  5218 | Temple   | Became a worshipper of Vehumet
  5251 | D:6      | Found a snail-covered altar of Cheibriados.
  5510 | D:6      | Reached skill level 5 in Evocations
  5681 | D:6      | Found a bloodstained altar of Trog.
  5683 | D:6      | Noticed a wizard
  5688 | D:6      | Killed a wizard
  5978 | D:7      | Noticed a two-headed ogre
  5982 | D:7      | Killed a two-headed ogre
  6291 | D:7      | Found an iron altar of Okawaru.
  6672 | D:8      | Reached * piety under Vehumet
  6672 | D:8      | Offered knowledge of Magic Dart by Vehumet.
  6692 | D:8      | Found a flagged portal.
  6727 | Bailey   | Entered a bailey
  6732 | Bailey   | Noticed an orc warlord
  6955 | Bailey   | Found a runed translucent gate.
  6958 | Bailey   | Found a runed translucent gate.
  6960 | Bailey   | Found a runed translucent gate.
  7145 | Bailey   | HP: 2/65 [orc warlord/+5 broad axe (3)]
  7146 | Bailey   | Slain by an orc warlord

Illustrated notes

Levels and vault maps discovered:
D:1:      erik_arrival_blinker_ship, layout_rooms, roderic_lattice_a
D:2:      layout_loops_cross
D:3:      layout_loops_cross, mainiacjoe_overflow_alcove_2, uniq_robin
D:4:      layout_loops_cross, grunt_nemelex_the_gamble, lemuel_doored_altar,
          serial_shops, shop, serial_library_regret_index_small_wings,
          uniq_menkaure, uniq_ijyb, uniq_sigmund
D:5:      layout_cave_pods, nicolae_tso_carved_into_rock,
          nicolae_ossuary_entry_plus, minmay_manual_mail, uniq_grinder,
          uniq_eustachio, uniq_crazy_yiuf_cottage
D:6:      layout_gridville, trog_wizard,
          mainiacjoe_overflow_concentric_impassable, minmay_temple_entry_trees
D:7:      layout_loops_ring, nicolae_overflow_crystal_walls
D:8:      layout_loops_cross, serial_shops, nicolae_shop_real_fake_doors,
          enter_bailey_4, nzn_random_ring
Temple:   eino_wide_crystal_templ
Bailey:   bailey_axe_bossmonster_kennysheep, bailey

Skill      XL: |  1  2  3  4  5  6  7  8  9 |
---------------+----------------------------+-----
Spellcasting   | 3 4 5 6 |  6.4
Earth Magic    | 4 5 6 7 |  7.3
Conjurations   | 1 2 |  2.0
Alchemy        | 1 3 4 |  4.1
Fighting       | 2 3 4 |  4.0
Short Blades   | 2 3 |  3.2
Throwing       | 1 |  1.0
Armour         | 1 |  1.0
Staves         | 1 2 |  2.0
Evocations     | 4 6 |  6.0
Stealth        | 5 6 |  6.0
Shields        | 2 |  2.8
Dodging        | 3 |  3.0

Action                     |  1- 3 |  4- 6 |  7- 9 || total
---------------------------+-------+-------+-------++-------
  Melee: Staff             |     1 |       |    39 ||    40
         Bite              |       |       |    10 ||    10
         Short sword       |       |       |    13 ||    13
   Cast: Sandblast         |    41 |    68 |   218 ||   327
         Petrify           |       |       |     3 ||     3
         Stone Arrow       |       |       |     1 ||     1
    Use: Potion            |       |     1 |     1 ||     2
         Scroll            |       |       |     7 ||     7
   Stab: Petrified         |       |       |    11 ||    11
         Petrifying        |       |       |     1 ||     1
 Armour: Robe              |     4 |    38 |    81 ||   123
  Dodge: Dodged            |     6 |    22 |    73 ||   101
  Block: Buckler           |       |       |    15 ||    15

Table legend: (Time is in decaauts)
 A = Elapsed time spent in this place.
 B = Non-inter-level travel time spent in this place.
 C = Inter-level travel time spent in this place.
 D = Time resting spent in this place.
 E = Time spent auto-exploring this place.
 F = Levels seen in this place.
 G = Mean time per level.
                   A        B        C        D        E       F      G
               +--------+--------+--------+--------+--------+-----+--------+
         Total |   7321 |   6763 |    558 |    288 |   5076 |  11 |  665.5 |
       Dungeon |   6324 |   5790 |    534 |    288 |   4491 |   8 |  790.5 |
        Temple |     26 |      2 |     24 |      0 |      0 |   1 |   26.0 |
       Ossuary |    528 |    528 |      0 |      0 |    349 |   1 |  528.0 |
        Bailey |    441 |    441 |      0 |      0 |    236 |   1 |  441.0 |
               +--------+--------+--------+--------+--------+-----+--------+

Top non-repeatable levels by time:
     D:3: 1036 daAuts
     D:5: 1032 daAuts
     D:4: 929 daAuts
     D:7: 874 daAuts
     D:2: 852 daAuts
     D:6: 845 daAuts
     D:1: 684 daAuts
 Ossuary: 528 daAuts
  Bailey: 441 daAuts
     D:8: 70 daAuts
  Temple: 26 daAuts
